 Dungeon Crawl Stone Soup version 0.28-a0-10-g964c8b829e (webtiles) character file.

Game seed: 4705632768542132927

1495543 jt the Conqueror (level 27, 232/273 HPs)
             Began as a Ghoul Necromancer on July 25, 2021.
             Was the Champion of Lugonu.
             Escaped with the Orb
             ... and 3 runes on July 30, 2021!
             The game lasted 05:24:44 (102611 turns).

jt the Conqueror (Ghoul Necromancer)              Turns: 102611, Time: 05:24:44

Health: 232/273    AC: 36    Str: 32    XL:     27
Magic:  39/39      EV: 17    Int: 16    God:    Lugonu [******]
Gold:   7149       SH: 17    Dex:  9    Spells: 21/43 levels left

rFire   + + +      SeeInvis +   a - +18 lance "Wyrmbane" {slay drac, rPois rF+ rC+ AC+3}
rCold   + + +      Faith    +   d - +2 shield of Resistance {rF++ rC++ Will++}
rNeg    + + +      Spirit   .   Y - +9 pearl dragon scales
rPois   ∞          Reflect  .   P - +2 hood of the Assassin {Detection Stab+ Stlth++}
rElec   +          Harm     .   J - +2 cloak {Will+}
rCorr   +          Rampage  .   g - +0 pair of gloves "Newua" {rC+ Str+3 SInv Stlth-}
Will    +++++                   y - -1 pair of boots "Kubaalu" {Will+ Slay+6}
Stlth   +.........              H - amulet of faith
HPRegen 0.55/turn               I - ring of Asua {rElec rC- EV+4 Str+7 Int+3}
MPRegen 0.26/turn               i - ring of Lynedwag {Wiz rCorr}

@: studying 3 skills
A: claws 1, cold resistance 1, negative energy resistance 3, inhibited
regeneration, torment resistance 2
0: Orb of Zot
}: 3/15 runes: serpentine, barnacled, abyssal
a: Renounce Religion, Depart the Abyss, Bend Space, Banish, Corrupt, Enter the
Abyss, Brand Weapon With Distortion


You escaped.
You worshipped Lugonu.
Lugonu was exalted by your worship.
You visited 12 branches of the dungeon, and saw 53 of its levels.
You visited the Abyss 4 times.
You also visited: Ossuary, Bailey and Ice Cave.

You collected 9322 gold pieces.
You spent 2173 gold pieces at shops.

Inventory:

Hand Weapons
 a - the +18 lance "Wyrmbane" (weapon) {slay drac, rPois rF+ rC+ AC+3}
   (You found it on level 9 of the Dungeon)

   It inflicts extra damage against dragons and draconians.
   AC:        It affects your AC (+3).
   rF:        It protects you from fire.
   rC:        It protects you from cold.
   rPois:     It protects you from poison.
 b - a +9 fustibalus of flaming
Missiles
 c - 1587 stones
 z - 14 throwing nets (quivered)
 L - 335 sling bullets
 O - 16 curare-tipped darts
Armour
 d - the +2 shield of Resistance (worn) {rF++ rC++ Will++}
   (You bought it in a shop on level 2 of the Orcish Mines)

   rF:        It greatly protects you from fire.
   rC:        It greatly protects you from cold.
   Will:      It greatly increases your willpower.
 g - the +0 pair of gloves "Newua" (worn) {rC+ Str+3 SInv Stlth-}
   (You found it on level 1 of the Depths)

   Str:       It affects your strength (+3).
   rC:        It protects you from cold.
   SInv:      It lets you see invisible.
   Stlth:     It makes you less stealthy.
 y - the -1 pair of boots "Kubaalu" (worn) {Will+ Slay+6}
   (You found it on level 2 of the Elven Halls)

   Slay:      It affects your accuracy & damage with ranged weapons and melee
   (+6).
   Will:      It increases your willpower.
 J - a +2 cloak of willpower (worn)
 P - the +2 hood of the Assassin (worn) {Detection Stab+ Stlth++}
   (You found it on level 2 of the Elven Halls)

   It allows the wearer to sense nearby creatures.
   It allows the wearer to make particularly effective stabbing attacks against
   helpless or unaware enemies with any weapon.
   Stlth:     It makes you much more stealthy.
 Y - +9 pearl dragon scales (worn)
Jewellery
 i - the ring of Lynedwag (right hand) {Wiz rCorr}
   (You found it on level 1 of the Depths)

   [ring of wizardry]

   It improves your spell success rate.
   rCorr:     It protects you from acid and corrosion.
 o - the ring "Tyumnis" {Fly rPois rN+ rCorr Stlth+}
   (You found it on level 3 of the Crypt)

   [ring of positive energy]

   rPois:     It protects you from poison.
   rN:        It protects you from negative energy.
   Fly:       It grants you flight.
   rCorr:     It protects you from acid and corrosion.
   Stlth:     It makes you more stealthy.
 q - the ring "Kuntust" {Str+3 Int+4 Slay+4}
   (You found it on level 4 of the Realm of Zot)

   [ring of slaying]

   Str:       It affects your strength (+3).
   Int:       It affects your intelligence (+4).
   Slay:      It affects your accuracy & damage with ranged weapons and melee
   (+4).
 H - an amulet of faith (around neck)
 I - the ring of Asua (left hand) {rElec rC- EV+4 Str+7 Int+3}
   (You found it on level 8 of the Dungeon)

   [ring of evasion]

   EV:        It affects your evasion (+4).
   Str:       It affects your strength (+7).
   Int:       It affects your intelligence (+3).
   rC:        It makes you vulnerable to cold.
   rElec:     It insulates you from electricity.
Wands
 e - a wand of acid (4)
 f - a wand of digging (14)
 s - a wand of polymorph (45)
 t - a wand of iceblast (84)
 u - a wand of mindburst (101)
 w - a wand of flame (131)
 x - a wand of charming (23)
 F - a wand of paralysis (46)
Scrolls
 h - 2 scrolls of torment
 j - 6 scrolls of silence
 p - 38 scrolls of identify
 v - 6 scrolls of summoning
 A - a scroll of immolation
 C - 2 scrolls of vulnerability
 G - 10 scrolls of fear
 K - 5 scrolls of fog
 T - 10 scrolls of teleportation
Potions
 m - 3 potions of resistance
 B - 5 potions of cancellation
 E - 13 potions of curing
 M - a potion of magic
 N - 3 potions of haste
 Q - 5 potions of ambrosia
 V - 3 potions of heal wounds
 Z - 11 potions of might
Miscellaneous
 l - a box of beasts
 n - a phial of floods (inert)
 r - a phantom mirror (inert)
 D - the horn of Geryon (inert)
 S - a condenser vane
 U - a tin of tremorstones (1/2)
 W - a lightning rod (4/4)


   Skills:
 O Level 27 Fighting
 - Level 4.0 Short Blades
 - Level 16.0 Polearms
 - Level 14.0 Slings
 + Level 13.7 Armour
 + Level 9.1 Dodging
 - Level 2.1 Stealth
 - Level 15.0 Shields
 - Level 0.9 Unarmed Combat
 + Level 8.8 Spellcasting
 + Level 12.9 Necromancy
 - Level 4.0 Translocations
 + Level 26.3 Invocations
 + Level 16.3 Evocations


You had 21 spell levels left.
You knew the following spells:

 Your Spells              Type           Power      Damage    Failure   Level
a - Pain                  Necr           100%       1d9       1%          1
b - Animate Skeleton      Necr           96%        N/A       1%          1
c - Vampiric Draining     Necr           24%        2d9       1%          3
d - Dispel Undead         Necr           48%        3d18      1%          4
e - Animate Dead          Necr           24%        N/A       1%          4
f - Corpse Rot            Necr/Air       N/A        N/A       1%          2
g - Apportation           Tloc           38%        N/A       1%          1
h - Death Channel         Necr           24%        N/A       6%          6

Your spell library contained the following spells:

 Spells                   Type           Power      Damage    Failure   Level
 Agony                    Necr           48%        N/A       1%          5
 Excruciating Wounds      Necr           24%        N/A       1%          5
 Corona                   Hex            7%         N/A       8%          1
 Foxfire                  Conj/Fire      28%        2x1d5     8%          1
 Magic Dart               Conj           28%        1d4       8%          1
 Sandblast                Erth           14%        2d6       8%          1
 Summon Small Mammal      Summ           28%        N/A       8%          1
 Portal Projectile        Hex/Tloc       26%        N/A       11%         3
 Call Imp                 Summ           7%         N/A       12%         2
 Ensorcelled Hibernation  Hex/Ice        14%        N/A       12%         2
 Passwall                 Tmut/Erth      5%         N/A       12%         2
 Poisonous Vapours        Pois/Air       14%        N/A       12%         2
 Slow                     Hex            7%         N/A       12%         2
 Static Discharge         Conj/Air       7%         N/A       12%         2
 Passage of Golubria      Tloc           N/A        N/A       16%         4
 Borgnjor's Vile Clutch   Necr/Erth      13%        N/A       16%         5
 Call Canine Familiar     Summ           7%         N/A       22%         3
 Confusing Touch          Hex            7%         N/A       22%         3
 Conjure Flame            Conj/Fire      7%         6-21      22%         3
 Dazzling Flash           Conj/Hex       14%        N/A       22%         3
 Ignite Poison            Fire/Tmut/Pois 7%         N/A       22%         3
 Inner Flame              Hex/Fire       7%         N/A       22%         3
 Mephitic Cloud           Conj/Pois/Air  7%         N/A       22%         3
 Stone Arrow              Conj/Erth      14%        3d7       22%         3
 Summon Guardian Golem    Hex/Summ       7%         N/A       22%         3
 Swiftness                Air            7%         N/A       22%         3
 Tukima's Dance           Hex            7%         N/A       22%         3
 Iskenderun's Mystic Bla  Conj/Tloc      13%        2d5       32%         4
 Fulminant Prism          Conj/Hex       3%         3d6       56%         4
 Hailstorm                Conj/Ice       7%         3d4       56%         4
 Leda's Liquefaction      Hex/Erth       3%         N/A       56%         4
 Petrify                  Tmut/Erth      7%         N/A       56%         4
 Sticky Flame             Conj/Fire      7%         2d3       56%         4
 Summon Ice Beast         Ice/Summ       7%         N/A       56%         4
 Simulacrum               Ice/Necr       13%        N/A       58%         6
 Summon Forest            Summ/Tloc      6%         N/A       65%         5
 Alistair's Intoxication  Tmut/Pois      4%         N/A       88%         5
 Bolt of Magma            Conj/Fire/Erth 3%         4d5       88%         5
 Fireball                 Conj/Fire      3%         3d4       88%         5
 Freezing Cloud           Conj/Ice/Air   3%         6-21      88%         5
 Irradiate                Conj/Tmut      3%         3d14      88%         5
 Iskenderun's Battlesphe  Conj           7%         2d6       88%         5
 Lee's Rapid Deconstruct  Erth           3%         3d6*      88%         5
 Silence                  Hex/Air        3%         N/A       88%         5
 Summon Mana Viper        Hex/Summ       7%         N/A       88%         5
 Yara's Violent Unravell  Hex/Tmut       3%         3d4       88%         5
 Dispersal                Tloc           9%         N/A       89%         6
 Conjure Ball Lightning   Conj/Air       3%         3x3d6     100%        6
 Invisibility             Hex            3%         N/A       100%        6
 Shadow Creatures         Summ           N/A        N/A       100%        6
 Monstrous Menagerie      Summ           3%         N/A       100%        7
 Orb of Destruction       Conj           3%         9d1       100%        7
 Summon Hydra             Summ           3%         N/A       100%        7
 Discord                  Hex            3%         N/A       100%        8
 Disjunction              Tloc           9%         N/A       100%        8
 Lehudib's Crystal Spear  Conj/Erth      3%         10d3      100%        8
 Sublimation of Blood     Necr           Unusable   N/A       N/A         2
 Wereblood                Tmut           Unusable   N/A       N/A         2
 Ice Form                 Ice/Tmut       Unusable   N/A       N/A         4
 Blade Hands              Tmut           Unusable   N/A       N/A         5

Dungeon Overview and Level Annotations

Branches:
Dungeon (15/15)            Temple (1/1) D:6            Lair (6/6) D:10
 Shoals (4/4) Lair:2        Snake (4/4) Lair:4        Slime (0/5) Lair:6
    Orc (2/2) D:11            Elf (3/3) Orc:2        Vaults (4/5) D:14
  Crypt (3/3) Vaults:3       Tomb (0/3) Crypt:3      Depths (5/5) D:15
   Hell (visited)             Dis (0/7) Hell            Geh (0/7) Hell
    Coc (0/7) Hell            Tar (0/7) Hell            Zot (5/5) Depths:5
Ossuary (visited)          Bailey (visited)           IceCv (visited)

Altars:
Ashenzari
Cheibriados
Dithmenos
Elyvilon
Fedhas
Kikubaaqudgha
Nemelex Xobeh
Okawaru
Qazlal
Ru
Sif Muna
Vehumet
Wu Jian
Zin
The Shining One
Beogh
Jiyva
Lugonu

Shops:
D:6 :   Orc:2 (([[   Elf:1 [   Elf:3 [   Snake:4 ==:   Vaults:3 =   Depths:3 [(
Depths:5 *

Portals:
Hell: Depths:1 Depths:2 Depths:3 Depths:4 Depths:5
Abyss: Depths:1 Depths:2 Depths:3 Depths:4
Pandemonium: Depths:2 Depths:3
Ziggurat: Depths:5
Trove: Elf:2 (give horn of Geryon)

Annotations:
D:8 2 runed translucent doors
Shoals:2 Roxanne
Zot:5 corrupted


Innate Abilities, Weirdness & Mutations

You thrive by killing the living.
You are immune to poison.
You have sharp fingernails.
Your flesh is cold resistant. (rC+)
You are immune to negative energy. (rN+++)
You do not regenerate when monsters are visible.
You are immune to unholy pain and torment.


Message History

The sun demon is almost dead.
You impale the sun demon!!
You kill the sun demon!
Lugonu accepts your kill.
(D) Dungeon (T) Temple (L) Lair (A) Shoals (P) Snake Pit (M) Slime Pits (O) Orcish Mines (E) Elven Halls (V) Vaults (C) Crypt (W) Tomb (U) Depths (H) Hell (I) Dis (G) Gehenna (X) Cocytus (Y) Tartarus (Z) Zot
Where to? (Enter - D:1 @ (x,y), ? - help)
There is a stone staircase leading up here.
You climb upwards.
There is a stone staircase leading down here.
You see here a +0 mace.
There is a stone staircase leading up here.
You climb upwards.
There is a stone staircase leading down here.
You see here a +0 mace.
There is a stone staircase leading up here.
You climb upwards.
There is a stone staircase leading down here.
A ynoxinul comes into view.
The ynoxinul bellows!
The ynoxinul gestures at you. You block the iron shot.
You reach to attack!
You impale the ynoxinul!!
The ynoxinul is almost dead.
You reach to attack!
You barely miss the ynoxinul.
The ynoxinul is almost dead.
The ynoxinul gestures.
You puncture the ufetubus!
You kill the ufetubus!
You reach to attack!
You impale the ynoxinul!!
You kill the ynoxinul!
Lugonu accepts your kill.
The ufetubus disappears in a puff of smoke! x2
Blink to where?
Press: ? - help, Dir - move target
As you read the scroll of blinking, it crumbles to dust.
You have escaped!

................................>
.......####..######.#######..##.#
######.# ##.# #.# #......##.# #.#
#.# #.# #......##.# #.#
###'######.###......##.# ######.#
#...#≈≈≈≈#..........##.#
.......###.#.#≈##≈#.###......##.#
####..#..#.###≈≈≈≈#.# #......##.#
..#8..#..#.≈≈#≈#@≈'.# #####..##.#
..#####..###≈#≈#≈≈#.# #..##..
..#...#..###≈#≈##≈#.#######..##..
......#..'.≈#≈#≈≈≈#..............
..##'##..##########.##.##.#......
..#...#..........................
..#888#...####.#.##.##.##.#...#..
.######...# #.#.##.##.##.#......
..........# #.#.##.##.#......#..


There were no monsters in sight!

Vanquished Creatures
  2 ancient liches
  An orb of fire (Zot:5)
  A juggernaut (Depths:3)
  6 dread liches
  A royal mummy (Crypt:3)
  Boris (thrice) (Vaults:2 Depths:4 Zot:2)
  A Killer Klown (Zot:5)
  A caustic shrike (Depths:4)
  4 curse toes
  Geryon (Hell)
  A profane servitor (D:7)
  3 golden dragons
  Nikola (Elf:2)
  5 bone dragons
  A Brimstone Fiend (D:6)
  4 electric golems
  3 hellephants (Depths:2)
  8 liches
  12 tentacled monstrosities
  22 Orb Guardians (Zot:5)
  4 quicksilver dragons
  2 deep elf master archers (Elf:3)
  2 titans
  7 death cobs
  Polyphemus (Shoals:2)
  2 deep elf blademasters (Elf:3)
  Frances (Elf:1)
  Kirke (Lair:5)
  Gastronok (Lair:3)
  9 shadow dragons
  6 tentacled starspawn
  13 storm dragons
  4 sphinxes
  9 tengu reavers
  Donald (Snake:4)
  The ghost of Gruesome the Spear-Bearer, an adept DrIE of the Shining One (Elf:2)
  4 revenants
  2 draconian monks
  7 frost giants
  4 draconian scorchers
  2 daevas
  8 fire giants
  Louise (Snake:4)
  2 ghost moths
  7 nagarajas
  13 vault wardens
  2 orc warlords
  5 deep elf sorcerers
  3 draconian knights
  4 deep elf elementalists
  A cacodemon (Abyss:3)
  7 iron dragons
  3 balrugs
  11 ghouls
  A caustic shrike zombie (Depths:4)
  3 curse skulls
  Aizul (Snake:4)
  5 spriggan defenders
  5 reapers
  7 draconian shifters
  6 war gargoyles
  12 stone giants
  7 draconian stormcallers
  9 ironbound preservers
  7 green draconians
  A juggernaut skeleton (Crypt:2)
  6 black draconians
  14 vampire knights
  3 draconian annihilators
  19 very ugly things
  8 deep elf demonologists
  2 entropy weavers (Vaults:4)
  4 white draconians
  5 purple draconians
  9 deep elf annihilators
  2 dire elephants (Vaults:1)
  5 red draconians
  A yellow draconian (Depths:5)
  5 eidola
  A green death (Abyss:3)
  A spark wasp (Depths:4)
  2 merfolk javelineers
  5 blizzard demons
  Snorg (Abyss:1)
  7 deep elf death magi (Elf:3)
  3 crystal guardians
  A quicksilver dragon zombie (Crypt:1)
  8 merfolk impalers
  4 deep elf high priests
  The ghost of Brandom the Fighter, a journeyman DrAK of Lugonu (Lair:1)
  10 ettins
  14 jiangshi
  7 ironbound thunderhulks
  4 fire dragons
  Fannar (D:10)
  12 yaktaur captains
  8 rakshasas
  7 great orbs of eyes
  A salamander tyrant (Snake:3)
  8 boulder beetles
  A hell beast (Hell)
  16 hydras
  15 naga warriors
  4 spriggan air magi
  9 vault guards
  22 anacondas
  2 catoblepae
  12 ice dragons
  11 ironbound frosthearts
  3 peacekeepers
  A merfolk avatar (Shoals:4)
  4 ogre magi
  7 merfolk aquamancers
  3 satyrs
  34 dancing weapons
  19 centaur warriors
  3 death yaks
  15 tengu warriors
  4 death knights
  Erica (Orc:1)
  9 deep troll shamans
  12 two-headed ogres
  6 vampire magi
  10 hell hogs
  16 naga sharpshooters
  3 ironbound beastmasters (Vaults:1)
  5 spriggan berserkers
  23 large abominations
  12 deep troll earth magi
  17 soul eaters
  4 shock serpents
  10 thrashing horrors
  A titan zombie (Depths:4)
  A spectral storm dragon (Crypt:2)
  An iron golem (Hell)
  An orc high priest (Elf:3)
  15 deep elf knights
  9 sun demons
  23 hell knights
  10 skeletal warriors
  19 iron trolls
  A fire crab (shapeshifter) (D:15)
  A golden dragon zombie (Crypt:2)
  7 wretched stars
  3 titan skeletons (Crypt:1)
  9 salamander mystics
  3 storm dragon skeletons
  A torturous demonspawn (Depths:5)
  The ghost of ABBCCCDDDD the Skirmisher, a novice DjAE of Cheibriados (D:6)
  A sixfirhy (Abyss:1)
  A spatial maelstrom (Abyss:1)
  2 shadow wraiths
  9 sea snakes
  11 flayed ghosts
  A spark wasp zombie (Hell)
  A quicksilver dragon simulacrum (Vaults:2)
  3 bog bodies (Crypt:1)
  A swamp dragon (Vaults:2)
  4 glowing orange brains
  10 naga ritualists
  An obsidian statue (Zot:5)
  10 deep elf archers
  16 ironbound convokers
  An orange crystal statue (Depths:3)
  47 deep trolls
  2 anaconda skeletons (Hell)
  2 shadow dragon zombies (Hell)
  11 necromancers
  10 wizards
  32 harpies
  7 lindwurms
  A lindwurm (shapeshifter) (Elf:2)
  A wolf spider zombie (Crypt:2)
  2 frost giant zombies (Hell)
  25 phantasmal warriors
  A wolf spider (D:15)
  9 orc knights
  A golden dragon skeleton (Zot:2)
  23 deep elf pyromancers
  22 deep elf zephyrmancers
  A shadow dragon skeleton (Zot:2)
  An orb spider (Abyss:2)
  2 oklob plants (Lair:4)
  An iron dragon zombie (Depths:4)
  A spectral fire dragon (Crypt:2)
  2 stone giant zombies (Hell)
  46 ugly things
  16 mana vipers
  18 fauns
  2 fire giant zombies
  A cyclops (shapeshifter) (Abyss:1)
  9 manticores
  21 salamanders
  3 draconians (Abyss:3)
  2 spectral ice dragons (Crypt:2)
  2 worldbinders
  15 moths of wrath
  19 cyclopes
  A dire elephant zombie (Crypt:1)
  22 elephants
  9 water nymphs
  6 merfolk sirens
  2 ice statues (Hell)
  13 vault sentinels
  3 stone giant skeletons
  An apocalypse crab (Abyss:2)
  62 black mambas
  17 naga magi
  8 rust devils
  2 fire giant skeletons
  9 smoke demons
  A torpor snail (Lair:6)
  7 guardian serpents
  4 molten gargoyles
  A shock serpent skeleton (Crypt:1)
  11 cane toads
  A green draconian zombie (Crypt:1)
  7 gargoyles
  3 orange demons
  3 unseen horrors
  An emperor scorpion zombie (Crypt:1)
  2 hellions
  2 kobold demonologists (D:13)
  A cane toad (shapeshifter) (D:15)
  4 efreet
  26 yaktaurs
  5 freezing wraiths
  A rime drake (Lair:4)
  15 komodo dragons
  5 ice devils
  A sea snake zombie (Hell)
  5 tengu conjurers
  7 ancient zymes
  11 red devils
  A redback zombie (Crypt:2)
  2 sea snake skeletons (Hell)
  A tormentor (Abyss:1)
  A hellwing (Abyss:1)
  5 guardian mummies
  5 meliai (D:15)
  32 merfolk
  12 trolls
  A merfolk (shapeshifter) (Elf:2)
  A red draconian skeleton (Crypt:2)
  A silent spectre (Depths:1)
  2 jumping spiders (Vaults:4)
  A queen bee (shapeshifter) (D:8)
  A tengu simulacrum (Vaults:2)
  Grinder (D:3)
  A shadow dragon simulacrum (Depths:4)
  A guardian serpent zombie (Crypt:2)
  Prince Ribbit (D:5)
  2 hydra skeletons
  A moth of wrath zombie (Crypt:1)
  13 wind drakes
  A wolf spider simulacrum (Crypt:1)
  A polar bear (shapeshifter) (Elf:2)
  3 polar bears
  7 blink frogs
  7 raiju (Abyss:1)
  8 hornets
  A raiju (shapeshifter) (D:14)
  45 slime creatures
  A spriggan zombie (Hell)
  A fire dragon zombie (Hell)
  An ice dragon zombie (Hell)
  13 snapping turtles
  20 dream sheep
  An iron dragon simulacrum (Hell)
  A stone giant simulacrum (Depths:1)
  An alligator zombie (Crypt:1)
  2 ettin zombies
  15 air elementals
  3 deep troll zombies (Hell)
  6 shadows
  27 water elementals
  18 flying skulls
  An alligator skeleton (Hell)
  An ice dragon skeleton (Crypt:3)
  A redback (shapeshifter) (D:15)
  7 spriggans
  19 wraiths
  5 redbacks
  2 fire dragon skeletons
  8 wyverns
  49 yaks
  8 ynoxinuls
  Eustachio (D:4)
  An ettin skeleton (Vaults:2)
  A basilisk (shapeshifter) (Depths:4)
  2 neqoxecs (Abyss:1)
  A yak (shapeshifter) (Depths:5)
  3 fire bats (Abyss:3)
  5 basilisks
  A black mamba skeleton (Crypt:3)
  2 fire elementals
  4 golden eyes (Abyss:1)
  3 steam dragons
  7 hogs
  A death yak simulacrum (IceCv)
  9 vampire mosquitoes
  5 chaos spawn
  3 spatial vortices (Abyss:1)
  3 wargs
  A faun zombie (Crypt:1)
  43 nagas
  19 water moccasins
  8 hell hounds
  Duvessa (D:4)
  2 acid dragons
  A hydra simulacrum (Hell)
  16 small abominations
  2 floating eyes
  A cane toad skeleton (Crypt:2)
  3 black bears
  3 sky beasts
  A hornet zombie (D:7)
  22 ogres
  29 orc warriors
  8 necrophages
  A blink frog skeleton (Crypt:2)
  11 wolves
  A swamp dragon skeleton (Hell)
  7 centaurs
  A phantom (D:6)
  A snapping turtle skeleton (Crypt:3)
  2 elf zombies
  An octopode zombie (Crypt:1)
  5 kobold brigands
  13 bullfrogs
  2 scorpions
  2 elf skeletons
  2 earth elementals (Elf:2)
  Blork the orc (D:5)
  Dowan (D:4)
  A wyvern skeleton (D:7)
  A tengu zombie (Hell)
  A yak zombie (Crypt:1)
  A snapping turtle simulacrum (Crypt:1)
  11 killer bees
  2 warg skeletons
  8 wights (D:7)
  8 howler monkeys
  3 electric eels
  4 centaur zombies
  5 lava snakes (Lair:6)
  29 starcursed masses
  6 quasits
  A bullfrog zombie (D:5)
  5 human zombies
  18 orc priests
  A centaur skeleton (D:4)
  A gnoll shaman (D:8)
  A hound (D:6)
  3 iron imps
  7 jellies
  Natasha (thrice) (D:2)
  Crazy Yiuf (D:2)
  Jessica (D:3)
  19 orc wizards
  3 iguanas
  2 polar bear simulacra (IceCv)
  Ijyb (D:3)
  4 hell rats (Hell)
  2 killer bee zombies
  A howler monkey zombie (D:10)
  13 mummies
  Robin (D:3)
  A steam dragon zombie (Crypt:2)
  10 adders
  6 gnolls
  A shadow imp (D:8)
  6 white imps
  An adder skeleton (Crypt:1)
  2 worms (D:2)
  4 dart slugs
  86 orcs
  8 endoplasms
  5 giant cockroaches
  13 hobgoblins
  11 jackals
  4 quokkas
  8 ball pythons
  4 bats
  2 frilled lizards
  13 goblins
  A goblin zombie (Ossuary)
  11 hobgoblin zombies (Ossuary)
  A jackal zombie (Ossuary)
  16 kobolds
  10 kobold zombies (Ossuary)
  6 orc skeletons (D:8)
  8 orc zombies
  5 rats
  2 rat zombies (Ossuary)
  A lurking horror (Abyss:3)
  6 starspawn tentacles
  A tentacle (Shoals:3)
2666 creatures vanquished.

Vanquished Creatures (collateral kills)
  Khufu (Crypt:3)
  A Brimstone Fiend (Depths:3)
  2 Orb Guardians
  A shadow dragon (Zot:5)
  A catoblepas (Vaults:2)
  An ironbound frostheart (Vaults:2)
  An ogre (Orc:1)
  2 orc wizards (Orc:1)
  5 orcs (Orc:1)
  An orc skeleton (D:8)
16 creatures vanquished.

Vanquished Creatures (others)
  An ancient lich (Zot:5)
  2 Killer Klowns (Zot:5)
  2 Orb Guardians (Zot:5)
  2 fire giants
  A draconian scorcher (Zot:5)
  2 white draconians (Zot:5)
  2 hell hogs (Depths:2)
  2 deep elf zephyrmancers
  A deep elf pyromancer (Elf:2)
  A large abomination (Abyss:1)
  A moth of wrath (Zot:5)
  A hornet (Depths:3)
  2 humans
  4 small abominations
  A hell rat (Hell)
  30 fungi
  79 plants
  23 starspawn tentacles
  7 tentacles (Shoals:3)
  5 withered plants (Crypt:3)
169 creatures vanquished.

Grand Total: 2851 creatures vanquished

Notes
Turn   | Place    | Note
-------+----------+-------------------------------------------
     0 | D:1      | jt the Ghoul Necromancer began the quest for the Orb.
     0 | D:1      | Reached XP level 1. HP: 14/14 MP: 2/2
   502 | D:1      | Reached skill level 1 in Fighting
   502 | D:1      | Reached XP level 2. HP: 23/23 MP: 1/3
   564 | D:1      | Found a faded altar of an unknown god.
   567 | D:1      | Became a worshipper of Lugonu the Unformed
   567 | D:1      | Reached * piety under Lugonu
   567 | D:1      | Reached ** piety under Lugonu
   830 | D:1      | Learned a level 1 spell: Animate Skeleton
  1242 | D:2      | Reached skill level 1 in Short Blades
  1301 | D:2      | Reached skill level 2 in Fighting
  1301 | D:2      | Reached XP level 3. HP: 29/29 MP: 2/4
  1572 | D:2      | Noticed Natasha
  1579 | D:2      | Killed Natasha
  1580 | D:2      | Reached skill level 3 in Fighting
  1580 | D:2      | Reached XP level 4. HP: 27/38 MP: 1/5
  1586 | D:2      | Noticed Natasha
  1594 | D:2      | Killed Natasha
  1971 | D:2      | Reached XP level 5. HP: 45/46 MP: 6/6
  2047 | D:2      | Reached skill level 4 in Fighting
  2056 | D:2      | Reached *** piety under Lugonu
  2278 | D:2      | Found a runed translucent door.
  2279 | D:2      | Noticed Crazy Yiuf
  2295 | D:2      | Killed Crazy Yiuf
  2523 | D:2      | Noticed Natasha
  2536 | D:2      | Killed Natasha
  2537 | D:2      | Reached skill level 5 in Fighting
  2894 | D:2      | Reached XP level 6. HP: 56/56 MP: 7/7
  3441 | D:3      | Noticed Grinder
  3442 | D:3      | Noticed Jessica
  3450 | D:3      | Killed Jessica
  3451 | D:3      | Reached skill level 6 in Fighting
  3558 | D:3      | Found a blossoming altar of Fedhas.
  3811 | D:4      | Reached skill level 1 in Invocations
  3874 | D:4      | Noticed Duvessa
  3891 | D:4      | Noticed Dowan
  3898 | D:4      | Killed Duvessa
  3899 | D:4      | Reached skill level 1 in Armour
  3899 | D:4      | Reached XP level 7. HP: 29/64 MP: 8/8
  3917 | D:4      | Killed Dowan
  4265 | D:4      | Reached **** piety under Lugonu
  4484 | D:4      | Noticed Eustachio
  4709 | D:3      | Noticed Ijyb
  4735 | D:3      | Killed Ijyb
  4812 | D:4      | Noticed Robin
  4837 | D:3      | Killed Robin
  4838 | D:3      | Reached skill level 7 in Fighting
  5078 | D:4      | Killed Eustachio
  5079 | D:4      | Reached skill level 1 in Evocations
  5079 | D:4      | Reached XP level 8. HP: 70/73 MP: 6/9
  5320 | D:4      | Found a sparkling altar of Nemelex Xobeh.
  5384 | D:5      | Entered Level 5 of the Dungeon
  5460 | D:5      | Noticed Prince Ribbit
  5729 | D:5      | Noticed Blork the orc
  5746 | D:5      | Reached skill level 1 in Shields
  5748 | D:5      | Killed Blork the orc
  5812 | D:5      | Killed Prince Ribbit
  5961 | D:5      | Identified the +6 hunting sling "Thing" {venom, Str+2}
  6325 | D:6      | Found Izobedd's Book Emporium.
  6356 | D:6      | Reached skill level 8 in Fighting
  6467 | D:6      | Reached XP level 9. HP: 81/81 MP: 11/11
  6567 | D:6      | Reached skill level 1 in Slings
  6614 | D:6      | Reached skill level 5 in Invocations
  6858 | D:6      | Found a staircase to the Ecumenical Temple.
  6871 | Temple   | Entered the Ecumenical Temple
  6911 | D:6      | Found an iron altar of Okawaru.
  7125 | D:6      | Found a large runed translucent door.
  7126 | D:6      | Found a large runed translucent door.
  7129 | D:6      | Noticed ABBCCCDDDD's ghost (novice DjAE)
  7509 | D:7      | Reached ***** piety under Lugonu
  8476 | D:7      | Reached skill level 9 in Fighting
  8661 | D:7      | Noticed a hornet
  8664 | D:7      | Killed a hornet
  8808 | D:7      | Reached XP level 10. HP: 63/91 MP: 13/13
  9361 | D:8      | Found a large runed translucent door.
  9376 | D:8      | Found a large runed translucent door.
  9376 | D:8      | Noticed a gargoyle
  9436 | D:8      | Identified the ring of Asua {rElec rC- EV+4 Str+7 Int+3}
  9508 | D:8      | Reached skill level 5 in Shields
  9675 | D:8      | Found a sand-covered staircase.
  9681 | Ossuary  | Entered an ossuary
  9889 | Ossuary  | Reached ****** piety under Lugonu
 10785 | D:8      | Found a large runed translucent door.
 10785 | D:8      | Found a large runed translucent door.
 10860 | D:8      | Reached skill level 10 in Fighting
 10929 | D:8      | Noticed a manticore
 10934 | D:8      | Killed a manticore
 10935 | D:8      | Reached skill level 5 in Slings
 11391 | D:9      | Found a radiant altar of Vehumet.
 11553 | D:9      | Noticed Maggie
 11554 | D:9      | Noticed Maggie
 11554 | D:9      | Maggie changed into Maggie the wyvern
 11561 | D:9      | Killed Maggie the wyvern
 12112 | D:10     | Entered Level 10 of the Dungeon
 12147 | D:10     | Identified the +4 ring mail "Udwu" {Fly rC+}
 12190 | D:10     | Found a snail-covered altar of Cheibriados.
 12206 | D:10     | Noticed a two-headed ogre
 12217 | D:10     | Killed a two-headed ogre
 12218 | D:10     | Reached skill level 1 in Polearms
 12218 | D:10     | Reached XP level 11. HP: 101/101 MP: 16/16
 12260 | D:10     | Noticed Fannar
 12579 | D:10     | Identified a scroll of acquirement
 12579 | D:10     | Acquired a manual of Fighting
 12758 | D:11     | Noticed a purple ugly thing
 12772 | D:11     | Killed a purple ugly thing
 12839 | D:11     | Found a staircase to the Orcish Mines.
 13176 | Orc:1    | Entered Level 1 of the Orcish Mines
 13345 | D:11     | Reached skill level 11 in Fighting
 13437 | D:10     | Noticed a two-headed ogre
 13453 | D:10     | Killed a two-headed ogre
 13477 | D:10     | Found a stormy altar of Qazlal.
 13581 | D:10     | Killed Fannar
 13728 | D:10     | Found an ancient bone altar of Kikubaaqudgha.
 13955 | D:11     | Noticed a boulder beetle
 13973 | D:11     | Killed a boulder beetle
 14399 | D:11     | Identified the +6 trident of Honour {spect, rPois Str+4
                  | Int-3 Dex+6}
 14797 | D:10     | Found a staircase to the Lair.
 14806 | Lair:1   | Entered Level 1 of the Lair of Beasts
 14964 | Lair:1   | Found a frozen archway.
 14993 | IceCv    | Entered an ice cave
 14993 | IceCv    | Noticed a white ugly thing
 15022 | IceCv    | Killed a white ugly thing
 15023 | IceCv    | Reached XP level 12. HP: 44/112 MP: 18/18
 15036 | IceCv    | Found a transporter.
 15060 | IceCv    | Found a transporter.
 15648 | Lair:1   | Found a runed translucent gate.
 15648 | Lair:1   | Found a runed translucent gate.
 15648 | Lair:1   | Found a runed translucent gate.
 15651 | Lair:1   | Noticed Brandom's ghost (journeyman DrAK)
 15728 | Lair:1   | Reached skill level 12 in Fighting
 15806 | Lair:1   | Noticed a seven-headed hydra
 15827 | Lair:1   | Killed a seven-headed hydra
 16671 | Lair:2   | Identified the +3 dagger of Qedwas {vorpal, rN+ MP+9 Dex-2}
 16731 | Lair:2   | Found a staircase to the Shoals.
 17032 | Lair:2   | Noticed a seven-headed hydra
 17038 | Lair:2   | Killed a seven-headed hydra
 17104 | Lair:2   | Reached skill level 10 in Invocations
 17119 | Lair:2   | Noticed a seven-headed hydra
 17126 | Lair:2   | Killed a seven-headed hydra
 17448 | Lair:3   | Noticed a boulder beetle
 17467 | Lair:3   | Killed a boulder beetle
 17511 | Lair:3   | Reached skill level 5 in Polearms
 17511 | Lair:3   | Reached skill level 5 in Evocations
 17533 | Lair:3   | Reached skill level 13 in Fighting
 17785 | Lair:3   | Identified the +3 chain mail "Caock" {rN++ rCorr Str+4}
 17944 | Lair:3   | Reached XP level 13. HP: 122/122 MP: 19/19
 18033 | Lair:3   | Noticed Gastronok
 18076 | Lair:3   | Killed Gastronok
 18888 | Lair:4   | Found a staircase to the Snake Pit.
 19212 | Lair:4   | Reached skill level 14 in Fighting
 21536 | Lair:5   | Reached XP level 14. HP: 129/133 MP: 21/21
 21659 | Lair:5   | Noticed Kirke
 21674 | Lair:5   | Killed Kirke
 22165 | Lair:6   | Entered Level 6 of the Lair of Beasts
 22465 | Lair:6   | Reached skill level 15 in Fighting
 23663 | Lair:6   | Found a runed translucent door.
 23664 | Lair:6   | Found a viscous altar of Jiyva.
 23664 | Lair:6   | Found a staircase to the Slime Pits.
 24697 | Lair:6   | Found a large runed translucent door.
 25195 | Lair:6   | Found a large runed translucent door.
 25387 | Lair:6   | Reached skill level 10 in Shields
 25989 | D:6      | Killed ABBCCCDDDD's ghost
 26245 | D:3      | Paralysed by Grinder for 4 turns
 26254 | D:3      | Killed Grinder
 26660 | Orc:1    | Noticed Erica
 26673 | Orc:1    | Killed Erica
 26864 | Orc:2    | Entered Level 2 of the Orcish Mines
 27066 | Orc:2    | Reached XP level 15. HP: 143/143 MP: 23/23
 27414 | Orc:2    | Noticed an orc warlord
 27455 | Orc:1    | Noticed Snorg
 27458 | Orc:1    | Banished Snorg
 27459 | Orc:1    | Reached skill level 16 in Fighting
 27459 | Orc:1    | Reached skill level 5 in Armour
 28590 | Orc:2    | Reached skill level 10 in Polearms
 28851 | Orc:2    | Found Deoptamu's Armour Shoppe.
 28855 | Orc:2    | Found Jetuo's Armour Shoppe.
 28861 | Orc:2    | Found Qoozaecu's Weapon Boutique.
 28870 | Orc:2    | Found Omomomod's Antique Weapon Emporium.
 28902 | Orc:2    | Bought the +2 shield of Resistance {rF++ rC++ Will++} for
                  | 713 gold pieces
 28902 | Orc:2    | Found the +2 shield of Resistance {rF++ rC++ Will++}
 29052 | Orc:2    | Found a staircase to the Elven Halls.
 29308 | Lair:1   | Killed Brandom's ghost
 29334 | Lair:1   | Learned a level 3 spell: Vampiric Draining
 29429 | Snake:1  | Entered Level 1 of the Snake Pit
 30775 | Snake:2  | Reached XP level 16. HP: 144/152 MP: 24/24
 32425 | Snake:2  | Reached skill level 17 in Fighting
 34548 | Snake:3  | Noticed a nagaraja
 34567 | Snake:3  | Killed a nagaraja
 34568 | Snake:3  | Reached XP level 17. HP: 112/162 MP: 26/26
 35549 | Snake:4  | Entered Level 4 of the Snake Pit
 35831 | Snake:4  | Found Ystoanoh's Book Boutique.
 35832 | Snake:4  | Found Ibybiror's Jewellery Emporium.
 35832 | Snake:4  | Found Piexox's Jewellery Emporium.
 35957 | Snake:4  | Reached skill level 18 in Fighting
 35957 | Snake:4  | Reached skill level 15 in Invocations
 36552 | Snake:4  | Identified the +3 ring mail of Orphoam {rC++ Will+ rCorr
                  | Stlth-}
 36942 | Snake:4  | Noticed Louise
 37002 | Snake:4  | Killed Louise
 38412 | Snake:4  | Noticed Donald
 38421 | Snake:4  | Noticed Aizul
 38442 | Snake:4  | Killed Donald
 38941 | Snake:4  | Killed Aizul
 38942 | Snake:4  | Reached XP level 18. HP: 142/173 MP: 28/28
 39416 | Snake:4  | Got a serpentine rune of Zot
 39552 | Snake:4  | Found a runed translucent gate.
 39552 | Snake:4  | Found a runed translucent gate.
 39552 | Snake:4  | Found a runed translucent gate.
 40181 | Shoals:1 | Entered Level 1 of the Shoals
 40757 | Shoals:1 | Reached skill level 19 in Fighting
 41440 | Shoals:2 | Noticed Polyphemus
 41959 | Shoals:2 | Noticed Roxanne
 42226 | Shoals:2 | Killed Polyphemus
 43784 | Shoals:3 | Identified the +3 chain mail "Ytwueg" {Regen+ Int-4 Slay+3}
 44532 | Shoals:3 | Reached XP level 19. HP: 73/183 MP: 19/30
 45053 | Shoals:4 | Entered Level 4 of the Shoals
 45053 | Shoals:4 | Found a blossoming altar of Fedhas.
 45310 | Shoals:4 | Paralysed by an air elemental for 1 turns
 45726 | Shoals:4 | Found a stormy altar of Qazlal.
 45737 | Shoals:4 | Paralysed by an air elemental for 1 turns
 46207 | Shoals:4 | Paralysed by an air elemental for 1 turns
 46210 | Shoals:4 | Paralysed by an air elemental for 1 turns
 46213 | Shoals:4 | Paralysed by an air elemental for 1 turns
 46463 | Shoals:4 | Paralysed by an air elemental for 1 turns
 46472 | Shoals:4 | Paralysed by an air elemental for 1 turns
 46810 | Shoals:4 | Got a barnacled rune of Zot
 46825 | Shoals:4 | Identified the +6 mace "Ceogir" {venom, MP+9 Str+2}
 48976 | D:14     | Found a flagged portal.
 48999 | Bailey   | Entered a bailey
 49753 | D:14     | Found a snail-covered altar of Cheibriados.
 49880 | D:14     | Found a gate to the Vaults.
 50958 | D:15     | Entered Level 15 of the Dungeon
 51129 | D:15     | Reached skill level 20 in Fighting
 51129 | D:15     | Reached XP level 20. HP: 193/193 MP: 31/31
 51493 | D:15     | Found a staircase to the Depths.
 51604 | D:15     | Found a broken altar of Ashenzari.
 51604 | D:15     | Found a broken altar of Ashenzari.
 51605 | D:15     | Found a shadowy altar of Dithmenos.
 51744 | D:15     | Reached skill level 10 in Slings
 52012 | D:15     | Reached skill level 15 in Shields
 53039 | D:15     | Identified the amulet "Dame" {Acrobat Stlth+}
 53103 | D:15     | Identified the +5 ring mail of the Hall of Blades {Rampage
                  | Will++}
 53454 | Depths:1 | Entered Level 1 of the Depths
 53689 | Depths:1 | Found a gateway to Hell.
 53881 | Vaults:1 | Entered Level 1 of the Vaults
 55223 | Vaults:1 | Reached XP level 21. HP: 202/202 MP: 33/33
 55576 | Vaults:1 | Reached skill level 10 in Evocations
 56287 | Vaults:2 | Noticed Boris
 56455 | Vaults:2 | Killed Boris
 57458 | Vaults:2 | Reached skill level 21 in Fighting
 57593 | Vaults:2 | Identified the ring "Joqebb" {Ice rPois Str-3 Slay-6 SInv}
 59274 | Vaults:3 | Found a staircase to the Crypt.
 59279 | Crypt:1  | Entered Level 1 of the Crypt
 59819 | Crypt:1  | Reached XP level 22. HP: 213/213 MP: 34/34
 61054 | Snake:4  | Bought the ring "Tiral" {Fire SInv} for 579 gold pieces
 62908 | Crypt:2  | Reached skill level 5 in Dodging
 63685 | Crypt:2  | Got Sif Muna's Tome of the Dusty Oath
 64055 | Crypt:2  | Reached skill level 10 in Armour
 64525 | Crypt:2  | Reached skill level 22 in Fighting
 65481 | Crypt:3  | Entered Level 3 of the Crypt
 66267 | Crypt:3  | Noticed a royal mummy
 66277 | Crypt:3  | Noticed Khufu
 66982 | Crypt:3  | Reached XP level 23. HP: 169/224 MP: 36/36
 67263 | Crypt:3  | Identified an amulet of Riuhaut {Regen+ Int+3 Dex+2}
 67263 | Crypt:3  | Identified the ring "Ororph" {rN+ Dex+3}
 67263 | Crypt:3  | Identified the ring "Tyumnis" {Fly rPois rN+ rCorr Stlth+}
 67582 | Crypt:3  | Found an ancient bone altar of Kikubaaqudgha.
 67582 | Crypt:3  | Noticed a dread lich
 67602 | Crypt:3  | Killed a dread lich
 67842 | Crypt:3  | Identified the ring "Yppu" {Ice Fly Int+4}
 67983 | Crypt:3  | Noticed an ancient lich
 68293 | Abyss:1  | Killed Snorg
 68417 | Abyss:2  | Found a corrupted altar of Lugonu.
 68876 | Crypt:3  | Escaped the Abyss
 68918 | Crypt:3  | Killed an ancient lich
 68933 | Crypt:3  | Learned a level 4 spell: Dispel Undead
 69060 | Crypt:3  | Reached skill level 23 in Fighting
 70371 | Vaults:3 | Found Jaty's Jewellery Shop.
 70379 | Vaults:3 | Bought the ring "Edghuaz" {rF+ rCorr SInv} for 484 gold
                  | pieces
 70403 | Vaults:3 | Cast into level 3 of the Abyss (orc warlord)
 70586 | Abyss:3  | Noticed a dread lich
 70602 | Abyss:3  | Killed a dread lich
 70710 | Vaults:3 | Escaped the Abyss
 72349 | Vaults:4 | Reached XP level 24. HP: 235/235 MP: 36/36
 72630 | Vaults:4 | Reached skill level 5 in Spellcasting
 73952 | Elf:1    | Entered Level 1 of the Elven Halls
 74202 | Elf:1    | Found Fasoyvil's Armour Boutique.
 74573 | Elf:1    | Noticed Frances
 74589 | Elf:1    | Killed Frances
 74832 | Elf:2    | Reached skill level 5 in Necromancy
 74920 | Elf:2    | Found a portal to a secret trove of treasure.
 75030 | Elf:2    | Found a runed translucent gate.
 75030 | Elf:2    | Found a runed translucent gate.
 75030 | Elf:2    | Found a runed translucent gate.
 75109 | Elf:2    | Found a runed translucent gate.
 75110 | Elf:2    | Found a runed translucent gate.
 75111 | Elf:2    | Found a runed translucent gate.
 75112 | Elf:2    | Noticed Gruesome's ghost (adept DrIE)
 75114 | Elf:2    | Found the +2 hood of the Assassin {Detection Stab+ Stlth++}
 75146 | Elf:2    | Killed Gruesome's ghost
 75290 | Elf:2    | Identified the -1 pair of boots "Kubaalu" {Will+ Slay+6}
 75366 | Elf:2    | Identified the +0 ring mail "Obicena" {rC+}
 75632 | D:14     | Acquired a manual of Polearms
 76420 | Elf:2    | Noticed Nikola
 76456 | Elf:2    | Killed Nikola
 76895 | Elf:3    | Entered Level 3 of the Elven Halls
 77180 | Elf:3    | Reached skill level 24 in Fighting
 77221 | Elf:3    | Reached XP level 25. HP: 231/245 MP: 37/37
 77307 | Elf:3    | Identified an amulet "Acugg" {rF+ rN++ Regen+}
 77312 | Elf:3    | Identified the ring of Ithayteh {rC- Str+8 Dex+6}
 77738 | Elf:3    | Got the Volume of Earth and Venom
 77743 | Elf:3    | Identified the +6 arbalest "Nuylih" {elec, Fly Will++
                  | Dex-5}
 77744 | Elf:3    | Identified the +9 shortbow "Nittipre" {venom, rF+}
 78570 | Depths:1 | Found a runed door.
 79611 | Depths:1 | Found a one-way gate to the infinite horrors of the Abyss.
 79960 | Depths:1 | Noticed an ancient lich
 79960 | Depths:1 | Noticed a dread lich
 79971 | Depths:1 | Killed a dread lich
 79992 | Depths:1 | Killed an ancient lich
 80166 | Depths:1 | Found the +8 demon blade "Leech" {vamp, *Rage +Rage rN+}
 80169 | Depths:1 | Identified the ring of Lynedwag {Wiz rCorr}
 80172 | Depths:1 | Identified the +0 pair of gloves "Newua" {rC+ Str+3 SInv
                  | Stlth-}
 80181 | Depths:1 | Identified the +1 leather armour of Yffecoy {Slay+3}
 80220 | Depths:1 | Identified the +0 pair of gloves of Broken Taboos {Dex+4}
 80913 | Elf:3    | Found Seafuxe's Antique Armour Shoppe.
 82709 | Crypt:3  | Identified the +7 rapier of the Invisible Olives {venom,
                  | Int+7}
 83027 | Crypt:3  | Found a staircase to the Tomb.
 83439 | Crypt:3  | Killed Khufu
 83458 | Crypt:3  | Killed a royal mummy
 84076 | Depths:2 | Reached XP level 26. HP: 256/256 MP: 37/37
 84105 | Depths:2 | Found an ornate altar of the Wu Jian Council.
 84784 | Depths:2 | Found a one-way gate leading to the halls of Pandemonium.
 84788 | Depths:2 | Acquired 886 gold pieces
 85089 | Depths:2 | Reached skill level 15 in Polearms
 85786 | Depths:2 | Voluntarily entered the Abyss.
 85854 | Abyss:3  | Noticed a dread lich
 85868 | Abyss:3  | Killed a dread lich
 85908 | Abyss:3  | Found a transporter.
 85980 | Abyss:3  | Found a transporter.
 86002 | Abyss:3  | Found a transporter.
 86007 | Abyss:3  | Got an abyssal rune of Zot
 86037 | Depths:2 | Escaped the Abyss
 86886 | Depths:3 | Reached skill level 10 in Necromancy
 87085 | Depths:3 | Reached skill level 25 in Fighting
 87208 | Depths:3 | Found Wetie's Antique Weapon Boutique.
 87216 | Depths:3 | Found Xucsi's Antique Armour Shop.
 87494 | Depths:3 | Noticed a juggernaut
 87517 | Depths:3 | Killed a juggernaut
 87666 | Depths:3 | Learned a level 4 spell: Animate Dead
 87669 | Depths:3 | Learned a level 2 spell: Corpse Rot
 87812 | Depths:3 | Reached XP level 27. HP: 251/266 MP: 37/37
 88754 | Hell     | Entered the Vestibule of Hell
 88754 | Hell     | Noticed Geryon
 88803 | Abyss:1  | HP: 12/266 [bone dragon (6)]
 88847 | Abyss:1  | Found a hide-covered altar of Uskayaw.
 89039 | Abyss:1  | Noticed a dread lich
 89064 | Abyss:1  | Killed a dread lich
 89156 | Abyss:1  | Found a hide-covered altar of Uskayaw.
 89638 | Abyss:1  | Found a corrupted altar of Lugonu.
 89917 | Hell     | Escaped the Abyss
 90056 | Hell     | Noticed a dread lich
 90663 | Depths:3 | Killed a dread lich
 91648 | Hell     | Found a gateway to the ashen valley of Gehenna.
 91658 | Hell     | Found a gateway to the Iron City of Dis.
 91723 | Hell     | Reached skill level 26 in Fighting
 91938 | Hell     | Killed Geryon
 92457 | Hell     | Found a gateway to the decaying netherworld of Tartarus.
 92920 | Hell     | Found a gateway to the freezing wastes of Cocytus.
 94044 | Depths:4 | Noticed Boris
 94054 | Depths:4 | Killed Boris
 94741 | Depths:5 | Entered Level 5 of the Depths
 94847 | Depths:5 | Found Viurgh's Assorted Antiques.
 94995 | Depths:5 | Bought a scroll of torment for 397 gold pieces
 95097 | Depths:5 | Found a gateway to a ziggurat.
 95212 | Depths:5 | Found a gate to the Realm of Zot.
 96836 | Crypt:1  | Learned a level 1 spell: Apportation
 97234 | Zot:1    | Entered Level 1 of the Realm of Zot
 97266 | Zot:1    | Identified the +0 chain mail "Ediakh" {Str+4}
 97342 | Zot:2    | Reached skill level 1 in Translocations
 97366 | Zot:2    | Reached skill level 27 in Fighting
 97645 | Zot:2    | Learned a level 6 spell: Death Channel
 99325 | Zot:4    | Identified the ring "Kuntust" {Str+3 Int+4 Slay+4}
 99912 | Zot:5    | Entered Level 5 of the Realm of Zot
100114 | Zot:5    | Reached skill level 15 in Evocations
101105 | Zot:5    | Noticed an orb of fire
101117 | Zot:5    | Killed an orb of fire
101791 | Zot:5    | Noticed an orb of fire
101792 | Zot:5    | Noticed an orb of fire
101792 | Zot:5    | Noticed an orb of fire
101792 | Zot:5    | Noticed an orb of fire
101792 | Zot:5    | Corrupted Zot:5
101796 | Zot:5    | Noticed an ancient lich
101797 | Zot:5    | Noticed a dread lich
101813 | Zot:5    | Got the Orb of Zot
101870 | Zot:5    | Killed an ancient lich
102044 | Zot:2    | Noticed Boris
102062 | Zot:2    | Killed Boris
102217 | Depths:1 | Noticed Hogoidd the pandemonium lord
102611 | D:$      | Escaped with the Orb!

Illustrated notes

Levels and vault maps discovered:
D:1:      ncdulo_wetmaze, layout_basic, shapermc_ecumenical_altar_mp_vishouse
D:2:      minmay_thinvault, layout_rooms, minmay_misc_feat_tiny,
          hangedman_abyss_or_decor_lesser_grid,
          amcnicky_mini_rare_corridor_liquid, minmay_misc_feat_secret_circle,
          minmay_pentomino_s2, uniq_crazy_yiuf_cottage, uniq_natasha
D:3:      layout_loops_cross, good_gods_temple_1,
          nicolae_overflow_crystal_walls, hangedman_decor_growths, uniq_jessica,
          uniq_ijyb, uniq_grinder
D:4:      layout_basic, nemelex_diamond_rough_becter, small_statue_intersection,
          uniq_duvessa, uniq_robin, uniq_eustachio
D:5:      layout_basic, uniq_blork_the_orc, uniq_prince_ribbit1
D:6:      layout_loops_ring, kennysheep_mini, minmay_temple_entry_poolview,
          serial_shops, shop, ebering_ghost_disaster_area
D:7:      layout_cave_pods
D:8:      layout_cave_pools, nicolae_ossuary_entry_catacombs, grunt_ogre_cave,
          minmay_hollow_rounded_squares
D:9:      layout_stronghold, fiery_altar_vehumet, uniq_maggie
D:10:     layout_cave_pools, lemuel_coloured_pillars_altar,
          mainiacjoe_overflow_catwalk, tgw_kikubaaqudgha, lair_entry_dummy,
          serial_glass, glass_columns_a, glass_columns_a, uniq_fannar
D:11:     layout_long_grid, david_orc_1_choice
D:12:     layout_irregular_city, minmay_fractal_squares_diagonal_5
D:13:     layout_cave_pods
D:14:     layout_loops_corners, skrybe_vaults_entry_preservation,
          enter_bailey_6, cheibriados_altar_1
D:15:     hangedman_slaughterboxes
Temple:   chequers_temple_sunken
Lair:1:   layout_regular_city, gammafunk_ghost_split,
          portal_ice_cave_entry_pillars_2
Lair:2:   wander_river, layout_hall_layers, minmay_shoals_entry_lonely_mermaid
Lair:3:   layout_regular_city, beast_lair_carwin_2, uniq_gastronok
Lair:4:   layout_regular_city, guppyfry_snake_entry_island,
          minmay_lair_oklob_chamber, grunt_megastairs_3,
          infiniplex_staircase_pool_2, serial_bayou_shore_b,
          serial_bayou_shore_a
Lair:5:   layout_big_grid, basic_altar, serial_bayou, serial_bayou_shore_b,
          serial_bayou_ford_a, serial_bayou_pond_a, serial_bayou_pond_a,
          serial_bayou_shore_b, uniq_kirke
Lair:6:   cheibrodos_lair_end_hotspot, layout_regular_city, slime_altar_2
Shoals:1: layout_shoals
Shoals:2: layout_shoals, yaktaur_hedge, uniq_roxanne, uniq_polyphemus
Shoals:3: layout_shoals
Shoals:4: shoals_end_hellmonk_storm_palace [storm_palace_center_ruins,
          storm_palace_corner_altar, storm_palace_corner_pillars,
          storm_palace_corner_altar, storm_palace_corner_narrow]
Snake:1:  layout_concentric_octagons
Snake:2:  layout_layer_cave
Snake:3:  layout_chambers, grunt_megastairs_1
Snake:4:  johnstein_snake_rune_scales, layout_layer_cave,
          nicolae_snake_horde_hoard, minmay_shop_grove, uniq_aizul, uniq_louise,
          uniq_donald
Orc:1:    layout_caves, basic_altar, uniq_snorg, uniq_erica
Orc:2:    st_orc_open, layout_diamond_mine, basic_altar
Elf:1:    layout_loops_cross, serial_shops, nicolae_shop_stone,
          kennysheep_underground_church, uniq_frances
Elf:2:    nicolae_elf_blades_splatter_lattice
          [nicolae_blade_entry_hurt_lockers], layout_loops_cross,
          gammafunk_ghost_tricky_traps, enter_trove_2, grunt_ministairs_5,
          uniq_nikola
Elf:3:    elf_hall_gauntlet_wide, layout_rooms, serial_shops,
          nicolae_shop_waterfront
Vaults:1: nicolae_vaults_triangles, nicolae_vaults_bisected_inception,
          grunt_vaults_bifocal, hangedman_vaults_stream,
          nicolae_vaults_diagonal_hallway_6, v_alt_pattern_5,
          grunt_vaults_hallway_short, hangedman_vaults_restitches,
          ontoclasm_vaults_decontamination, layout_vaults_omnibox
Vaults:2: v_alt_pattern_3, st_greater_box_4, hangedman_vaults_cutoff,
          nicolae_vaults_disjoint_gnomons, hangedman_vaults_cutoff,
          hangedman_vaults_slice, grunt_vaults_hallway_short,
          layout_vaults_big_cross, uniq_margery, uniq_boris
Vaults:3: vaults_mumra_minichess, minmay_crypt_entry_simple_walls,
          v_alt_pattern_2, hangedman_vaults_locks, nicolae_vaults_circle_grid_a,
          nicolae_vaults_stairing_the_circle, grunt_vaults_funnel,
          ontoclasm_vaults_fault, hangedman_vaults_stagger,
          ontoclasm_vaults_hangar, nicolae_vaults_little_squares_5,
          layout_vaults_ring, serial_shops, nicolae_diamond_shop
Vaults:4: vaults_mumra_hexcomb, ontoclasm_vaults_bender,
          nicolae_vaults_network_square, v_misc_9,
          nicolae_vaults_network_barrier, nicolae_vaults_little_squares_3,
          nicolae_vaults_puzzle_piece, vaults_room_glass_cross, v_misc_5,
          nicolae_vaults_little_squares_4, vaults_room_pools,
          vaults_dpeg_encased_lava, vaults_room_pool, ontoclasm_vaults_ligature,
          layout_vaults_maze
Crypt:1:  layout_basic, grunt_crypt_arrival_webbed, grunt_megastairs_5
Crypt:2:  layout_chaotic_city, hex_medium, hex_tiny, weyrava_ghost_lake
Crypt:3:  quadcrypt_mu, uniq_khufu
Depths:1: evilmike_wizard_prison, layout_gridville, hell_entry, serial_glass,
          glass_columns_b, glass_columns_b, glass_columns_c, glass_columns_a,
          abyss_entry_small_statue_room, library_closet, minivault_1,
          nicolae_lava_and_water, minmay_misc_feat_cross, minivault_11,
          kennysheep_generic_room_14
Depths:2: kennysheep_cluttered_fort, layout_cave_shapes, lemuel_statue_altar,
          pan_entry, grunt_hell_horde, abyss_entry,
          minmay_staircase_windowed_small
Depths:3: minmay_chopped_fan, layout_cave_shapes, hangedman_decor_opposing,
          grunt_hell_entry_dis_grunt, grunt_pan_entry_spiral, abyss_entry,
          minivault_16, infiniplex_staircase_pillars_3a, minmay_shoptagon
Depths:4: hangedman_cross_veins, layout_cave_shapes, pf_hell_entry_tar_spiral,
          minmay_holes, abyss_entry
Depths:5: grunt_zot_entry_pinwheel, layout_cave_shapes, enter_ziggurat_a,
          serial_shops, shop, chequers_hall_statues_wall_a,
          pf_hell_entry_great_geh, grunt_megastairs_2, serial_bayou_shore_b
Hell
Zot:1:    layout_gridlike, grunt_ministairs_7
Zot:2:    layout_onion, hangedman_snap_crack_crunch
Zot:3:    kennysheep_blocky_hall, layout_gridlike
Zot:4:    lemuel_draconian_sentries_small, layout_onion_interference
Zot:5:    layout_gridville

Skill      XL: |  1  2  3  4  5  6  7  8  9 10 11 12 13 14 15 16 17 18 19 20 21 22 23 24 25 26 27 |
---------------+----------------------------------------------------------------------------------+-----
Fighting       | 1 2 3 5 6 7 8 9 10 11 13 14 15 16 17 18 19 20 21 22 23 24 25 27 | 27.0
Short Blades   | 1 2 4 |  4.0
Invocations    | 1 3 4 6 8 9 10 11 12 13 14 15 16 17 18 19 20 21 22 23 26 | 26.3
Armour         | 1 2 4 5 6 8 10 11 12 13 | 13.7
Evocations     | 1 2 3 5 6 8 9 10 12 16 | 16.3
Shields        | 2 4 6 7 8 9 10 11 12 13 14 15 | 15.0
Slings         | 3 5 6 7 8 9 11 12 13 14 | 14.0
Polearms       | 1 3 5 7 9 11 12 14 16 | 16.0
Dodging        | 3 5 9 |  9.1
Spellcasting   | 4 5 6 8 |  8.8
Necromancy     | 6 8 10 12 | 12.9
Translocations | 4 |  4.0
Stealth        | |  2.1
Unarmed Combat | |  0.9

Action                   |  1- 3 |  4- 6 |  7- 9 | 10-12 | 13-15 | 16-18 | 19-21 | 22-24 | 25-27 || total
-------------------------+-------+-------+-------+-------+-------+-------+-------+-------+-------++-------
Melee: Unarmed           |     9 |       |       |       |       |       |       |       |       ||     9
       Dagger            |    66 |   228 |   255 |   268 |       |       |       |       |       ||   817
       Punch             |       |     1 |       |       |       |       |       |       |       ||     1
       Lance             |       |       |       |   187 |  1491 |  1988 |  2363 |  2611 |  3328 || 11968
       Hunting sling     |       |       |       |     1 |       |       |       |       |       ||     1
       Trident           |       |       |       |       |       |       |       |    13 |       ||    13
 Fire: Hunting sling     |       |       |   167 |   448 |   270 |   278 |   117 |   222 |   105 ||  1607
       Fustibalus        |       |       |       |       |       |       |       |       |   171 ||   171
Throw: Stone             |       |     1 |       |       |       |       |     1 |       |       ||     2
       Boomerang         |       |       |     5 |    15 |       |       |       |       |       ||    20
       Dart              |       |       |       |       |     6 |     1 |     1 |       |     1 ||     9
 Cast: Pain              |    29 |    22 |    19 |       |       |       |       |       |       ||    70
       Animate Skeleton  |       |     1 |       |     1 |     3 |       |       |       |       ||     5
       Corpse Rot        |       |       |       |       |       |       |       |       |     2 ||     2
       Death Channel     |       |       |       |       |       |       |       |       |     2 ||     2
       Apportation       |       |       |       |       |       |       |       |       |     1 ||     1
       Animate Dead      |       |       |       |       |       |       |       |       |     1 ||     1
Invok: Banish            |       |       |       |     1 |     8 |     6 |     1 |       |       ||    16
       Bend Space        |       |       |       |       |     7 |    12 |     1 |     8 |    25 ||    53
       Enter the Abyss   |       |       |       |       |       |       |       |     1 |     1 ||     2
       Depart the Abyss  |       |       |       |       |       |       |       |       |     1 ||     1
       Corrupt           |       |       |       |       |       |       |       |       |     1 ||     1
Evoke: Wand              |       |       |     2 |     4 |     2 |       |     6 |     7 |    57 ||    78
       Tin of tremorston |       |       |       |       |       |     1 |     5 |     7 |    14 ||    27
       Lightning rod     |       |       |       |       |       |       |     5 |       |     2 ||     7
       Phantom mirror    |       |       |       |       |       |       |     2 |     1 |     2 ||     5
       Phial of floods   |       |       |       |       |       |       |     1 |       |     1 ||     2
       Piece from Xom's  |       |       |       |       |       |       |     1 |       |       ||     1
       Condenser vane    |       |       |       |       |       |       |       |     1 |     3 ||     4
       Box of beasts     |       |       |       |       |       |       |       |     1 |     1 ||     2
       Horn of Geryon    |       |       |       |       |       |       |       |       |     1 ||     1
  Use: Potion            |       |     2 |       |    11 |     2 |       |     2 |     5 |    20 ||    42
       Scroll            |       |     6 |     3 |    22 |     5 |     2 |     4 |     5 |    35 ||    82
 Stab: Paralysed         |       |       |       |       |     1 |       |       |       |       ||     1
       Petrified         |       |       |       |       |       |     5 |    13 |       |       ||    18
       Distracted        |       |       |       |       |       |       |     2 |     1 |     3 ||     6
       Sleeping          |       |       |       |       |       |       |       |       |     1 ||     1
Armor: Robe              |     8 |       |       |       |       |       |       |       |       ||     8
       Ring mail         |       |    79 |     4 |   185 |    31 |       |       |       |       ||   299
       Leather armour    |       |     6 |   164 |   292 |       |       |       |       |       ||   462
       Chain mail        |       |       |       |       |   700 |   432 |   493 |   460 |       ||  2085
       Crystal plate arm |       |       |       |       |       |       |       |    30 |   149 ||   179
       Storm dragon scal |       |       |       |       |       |       |       |       |   680 ||   680
       Pearl dragon scal |       |       |       |       |       |       |       |       |   209 ||   209
Dodge: Dodged            |    37 |   102 |   141 |   219 |   227 |   351 |   402 |   465 |   967 ||  2911
Block: Tower shield      |       |       |   194 |   746 |  1355 |       |       |       |       ||  2295
       Kite shield       |       |       |       |       |   135 |   944 |   926 |  1070 |  1604 ||  4679

Table legend: (Time is in decaauts)
 A = Elapsed time spent in this place.
 B = Non-inter-level travel time spent in this place.
 C = Inter-level travel time spent in this place.
 D = Time resting spent in this place.
 E = Time spent auto-exploring this place.
 F = Levels seen in this place.
 G = Mean time per level.
                   A        B        C        D        E       F      G
               +--------+--------+--------+--------+--------+-----+--------+
         Total |  97846 |  85391 |  12455 |  29075 |  27837 |  64 | 1528.8 |
       Dungeon |  22902 |  19085 |   3817 |   5067 |   7709 |  15 | 1526.8 |
        Temple |      1 |      1 |      0 |      0 |      0 |   1 |    1.0 |
          Lair |  11699 |  10179 |   1520 |   2686 |   3813 |   6 | 1949.8 |
        Shoals |   6789 |   6143 |    646 |   2201 |   1821 |   4 | 1697.2 |
     Snake Pit |  10494 |   9634 |    860 |   3424 |   3721 |   4 | 2623.5 |
  Orcish Mines |   3138 |   2639 |    499 |    892 |    683 |   2 | 1569.0 |
   Elven Halls |   4037 |   3425 |    612 |    625 |   1442 |   3 | 1345.7 |
        Vaults |   9695 |   7624 |   2071 |   2683 |   3202 |   4 | 2423.8 |
         Crypt |   8519 |   7121 |   1398 |   3152 |   1433 |   3 | 2839.7 |
        Depths |  11099 |  10418 |    681 |   4924 |   2877 |   5 | 2219.8 |
          Hell |   1113 |   1092 |     21 |    320 |    448 |   1 | 1113.0 |
           Zot |   4461 |   4137 |    324 |   1478 |    583 |   5 |  892.2 |
         Abyss |   2163 |   2163 |      0 |    754 |     43 |   8 |  270.4 |
       Ossuary |    541 |    541 |      0 |     90 |      8 |   1 |  541.0 |
        Bailey |    604 |    604 |      0 |    292 |     53 |   1 |  604.0 |
      Ice Cave |    585 |    585 |      0 |    483 |      0 |   1 |  585.0 |
               +--------+--------+--------+--------+--------+-----+--------+

Top non-repeatable levels by time:
Depths:3: 3594 daAuts
 Snake:4: 3491 daAuts
 Crypt:3: 3256 daAuts
Vaults:1: 3041 daAuts
 Crypt:1: 2874 daAuts
 Snake:3: 2745 daAuts
Vaults:2: 2711 daAuts
 Snake:2: 2698 daAuts
Depths:1: 2634 daAuts
Vaults:3: 2591 daAuts
  Lair:5: 2423 daAuts
  Lair:6: 2422 daAuts
 Crypt:2: 2387 daAuts
    D:15: 2360 daAuts
Shoals:3: 2349 daAuts
